 Dungeon Crawl Stone Soup version 0.24.0-37-gcf1ca852f1 (webtiles) character file.

Game seed: 3471577951861955203, levelgen mode: deterministic

3407 FishyPogo the Destroyer (level 10, -8/73 HPs)
             Began as a Gnoll Conjurer on Nov 24, 2019.
             Was a Follower of Sif Muna.
             Mangled by a two-headed ogre
             ... wielding a +0 giant spiked club
              (33 damage)
             ... on level 8 of the Dungeon.
             The game lasted 00:26:28 (6816 turns).

FishyPogo the Destroyer (Gnoll Conjurer)            Turns: 6816, Time: 00:26:29

Health: -8/73      AC:  3    Str: 10    XL:     10   Next: 4%
Magic:  14/20      EV: 17    Int: 21    God:    Sif Muna [*.....]
Gold:   372        SH:  5    Dex: 16    Spells: 9/23 levels left

rFire    . . .     SeeInvis .   G - +3 hand axe (flame)
rCold    . . .     Gourm    .   s - +0 buckler
rNeg     . . .     Faith    .   E - +1 robe of Atheism {MR+}
rPois    +         Spirit   .   (no helmet)
rElec    .         Reflect  .   (no cloak)
rCorr    .         Harm     .   (no gloves)
MR       +....                  (no boots)
Stlth    ++........             (no amulet)
HPRegen  0.22/turn              D - ring of attention (curse)
MPRegen  0.17/turn              C - ring of poison resistance

@: no status effects
A: distributed training, fangs 1, strong nose
a: Channel Magic, Renounce Religion


You were on level 8 of the Dungeon.
You worshipped Sif Muna.
Sif Muna was aware of your devotion.
You were not hungry.

You visited 2 branches of the dungeon, and saw 9 of its levels.
You also visited: Sewer.

You collected 372 gold pieces.

Inventory:

Hand Weapons
 a - a +0 short sword of freezing
 b - a +1 short sword of venom
 G - a +3 hand axe of flaming (weapon)
Missiles
 l - 49 poisoned darts
 q - 2 throwing nets
 x - 4 boomerangs (quivered)
 z - 427 stones
Armour
 d - a +0 pair of boots
 s - a +0 buckler (worn)
 E - the +1 robe of Atheism (worn) {MR+}
   (You took it off a gnoll on level 5 of the Dungeon)

   It affects your resistance to hostile enchantments.
Jewellery
 p - an uncursed ring of positive energy
 C - a ring of poison resistance (right hand)
 D - a cursed ring of attention (left hand)
Wands
 f - a wand of digging (3)
 y - a wand of polymorph (5)
Scrolls
 e - 5 scrolls of remove curse
 j - 6 scrolls of teleportation
 k - 6 scrolls of amnesia
 o - 8 scrolls of identify
 w - a scroll of immolation
Potions
 g - a potion of lignification {unknown}
 h - 2 potions of mutation {unknown}
 i - 3 potions of agility {unknown}
 m - 5 potions of curing {unknown}
 r - 2 potions of degeneration {unknown}
 t - 4 potions of heal wounds {unknown}
 u - 6 potions of flight {unknown}
 v - a potion of ambrosia {unknown}
 A - a potion of haste {unknown}
 B - a potion of berserk rage {unknown}
Comestibles
 c - 18 rations
 F - 7 chunks of flesh


   Skills:
 + Level 4.7 Fighting
 + Level 4.7 Short Blades
 + Level 4.7 Long Blades
 + Level 4.7 Axes
 + Level 4.7 Maces & Flails
 + Level 4.7 Polearms
 + Level 4.7 Staves
 + Level 4.7 Slings
 + Level 4.7 Bows
 + Level 4.7 Crossbows
 + Level 4.7 Throwing
 + Level 4.7 Armour
 + Level 6.7 Dodging
 + Level 6.4 Stealth
 + Level 4.7 Shields
 + Level 4.7 Unarmed Combat
 + Level 7.0 Spellcasting
 + Level 8.2 Conjurations
 + Level 3.9 Hexes
 + Level 3.9 Charms
 + Level 3.9 Summonings
 + Level 3.9 Necromancy
 + Level 3.9 Translocations
 + Level 3.9 Transmutations
 + Level 3.9 Fire Magic
 + Level 3.9 Ice Magic
 + Level 3.9 Air Magic
 + Level 3.9 Earth Magic
 + Level 3.9 Poison Magic
 + Level 5.2 Invocations
 + Level 4.7 Evocations


You had 9 spell levels left.
You knew the following spells:

 Your Spells              Type           Power        Failure   Level  Hunger
a - Magic Dart            Conj           ####         1%          1    None
b - Searing Ray           Conj           #####.       1%          2    None
c - Iskenderun's Mystic   Conj           #####...     3%          4    ###....
d - Dazzling Spray        Conj/Hex       ####..       2%          3    #......
l - Force Lance           Conj/Tloc      ####....     7%          4    ###....

Your spell library contained the following spells:

 Spells                   Type           Power        Failure   Level  Hunger
 Animate Skeleton         Necr           N/A          1%          1    None
 Apportation              Tloc           ###...       1%          1    None
 Confusing Touch          Hex            ###...       1%          1    None
 Summon Small Mammal      Summ           ###.         1%          1    None
 Fulminant Prism          Conj/Hex       ####......   7%          4    ###....


Dungeon Overview and Level Annotations

Branches:
Dungeon (8/15)             Temple (1/1) D:5           Sewer (visited)
   Lair: D:8-11

Altars:
Ashenzari
Cheibriados
Dithmenos
Elyvilon
Fedhas
Gozag
Hepliaklqana
Kikubaaqudgha
Makhleb
Nemelex Xobeh
Okawaru
Qazlal
Ru
Sif Muna
Trog
Uskayaw
Vehumet
Wu Jian
Xom
Yredelemnul
Zin
The Shining One
Beogh

Annotations:
D:4 3 runed translucent doors, Sondor's ghost, amateur DsGl


Innate Abilities, Weirdness & Mutations

Your experience applies equally to all skills.
You have very sharp teeth.
Your uncanny sense of smell can sniff out nearby items.


Message History

The searing ray misses the two-headed ogre.
The searing ray hits the two-headed ogre!
The two-headed ogre is heavily wounded.
You finish channeling your searing ray.
You block the two-headed ogre's attack.
The two-headed ogre hits you with a +0 dire flail!
You hit the two-headed ogre but do no damage.
The two-headed ogre is heavily wounded.
The two-headed ogre hits you with a +0 giant spiked club!!
The two-headed ogre hits you with a +0 dire flail.
You barely miss the two-headed ogre.
The two-headed ogre is heavily wounded.
The two-headed ogre misses you.
The two-headed ogre hits you but does no damage.
You barely miss the two-headed ogre.
The two-headed ogre is heavily wounded.
The two-headed ogre misses you. You block the two-headed ogre's attack.
You hit the two-headed ogre. You burn the two-headed ogre.
The two-headed ogre is severely wounded.
The two-headed ogre hits you with a +0 giant spiked club!!
You die...

#.#.###.###$#.#.###.##.....##
#.#.###.###.#.#.#...##...#...
###÷#.##.........)....###.#####
#.........###.....#.### #.#....
#.##..##.## ###.###.# #.#.###
#.##..##.## #.# #.# ###.#)###
#.##..O...# #.###.# #......##
#.........#####.....# #.#..)..#
#####..)<..>.O@.##### #..÷.....
#######...........# #.#.....#
........###.####### #.##...##
######### #.# #.###.##. #.# #.#
#.##. #.# #.###.#.# #.#
#........ #.# #..####.. #.#
#.....##.


You could see a two-headed ogre.

Vanquished Creatures
  Sigmund (D:4)
  3 hogs (D:7)
  A human (D:7)
  Eustachio (D:4)
  A yak (D:7)
  Purgy (D:3)
  A black bear (D:8)
  3 ice beasts
  A sky beast (D:8)
  A centaur (D:5)
  7 ogres
  A big kobold (Sewer)
  3 bullfrogs
  6 scorpions (D:5)
  A howler monkey (D:5)
  A bullfrog zombie (D:5)
  A hound (D:8)
  An orc priest (D:4)
  An orc wizard (D:4)
  An iguana (D:6)
  5 worker ants
  A hound skeleton (D:5)
  8 gnolls
  8 adders
  2 shadow imps
  3 adder skeletons
  5 worms
  2 dart slugs
  7 leopard geckos
  8 orcs
  4 ball pythons
  9 giant cockroaches
  6 goblins
  5 hobgoblins
  8 jackals
  13 kobolds
  3 quokkas
  13 bats
  6 frilled lizards
  3 leopard gecko skeletons
  A quokka skeleton (D:3)
  9 rats
166 creatures vanquished.

Vanquished Creatures (others)
  5 dream sheep (D:7)
  A fungus (D:5)
6 creatures vanquished.

Grand Total: 172 creatures vanquished

Notes
Turn   | Place    | Note
-------+----------+-------------------------------------------
     0 | D:1      | FishyPogo the Gnoll Conjurer began the quest for the Orb.
     0 | D:1      | Reached XP level 1. HP: 13/13 MP: 6/6
   109 | D:1      | Reached XP level 2. HP: 19/19 MP: 2/7
   418 | D:1      | Reached XP level 3. HP: 22/25 MP: 0/9
   427 | D:1      | Reached skill level 5 in Spellcasting
   535 | D:2      | Learned a level 2 spell: Searing Ray
   539 | D:2      | Learned a level 3 spell: Dazzling Spray
   687 | D:2      | Reached skill level 1 in Invocations
   719 | D:2      | Reached skill level 1 in Fighting
   719 | D:2      | Reached skill level 1 in Short Blades
   719 | D:2      | Reached skill level 1 in Long Blades
   719 | D:2      | Reached skill level 1 in Axes
   719 | D:2      | Reached skill level 1 in Maces & Flails
   719 | D:2      | Reached skill level 1 in Polearms
   719 | D:2      | Reached skill level 1 in Staves
   719 | D:2      | Reached skill level 1 in Slings
   719 | D:2      | Reached skill level 1 in Bows
   719 | D:2      | Reached skill level 1 in Crossbows
   719 | D:2      | Reached skill level 1 in Throwing
   719 | D:2      | Reached skill level 1 in Armour
   719 | D:2      | Reached skill level 1 in Shields
   719 | D:2      | Reached skill level 1 in Unarmed Combat
   719 | D:2      | Reached skill level 1 in Evocations
   726 | D:2      | Reached XP level 4. HP: 32/32 MP: 6/11
   839 | D:2      | Learned a level 4 spell: Iskenderun's Mystic Blast
  1065 | D:2      | Reached skill level 1 in Hexes
  1065 | D:2      | Reached skill level 1 in Charms
  1065 | D:2      | Reached skill level 1 in Summonings
  1065 | D:2      | Reached skill level 1 in Necromancy
  1065 | D:2      | Reached skill level 1 in Translocations
  1065 | D:2      | Reached skill level 1 in Transmutations
  1065 | D:2      | Reached skill level 1 in Fire Magic
  1065 | D:2      | Reached skill level 1 in Ice Magic
  1065 | D:2      | Reached skill level 1 in Air Magic
  1065 | D:2      | Reached skill level 1 in Earth Magic
  1065 | D:2      | Reached skill level 1 in Poison Magic
  1336 | D:3      | Noticed Purgy
  1344 | D:3      | Killed Purgy
  1344 | D:3      | Reached XP level 5. HP: 21/37 MP: 1/12
  1672 | D:3      | Reached XP level 6. HP: 44/44 MP: 4/13
  1980 | D:4      | Noticed Sondor's ghost (amateur DsGl)
  1981 | D:4      | Found a runed translucent gate.
  1981 | D:4      | Found a runed translucent gate.
  1981 | D:4      | Found a runed translucent gate.
  1981 | D:4      | Identified the cursed +1 ring mail of Okuupyel {-Cast rN+++
                  | Str+8 Dex-2}
  1985 | D:4      | Found a roughly hewn altar of Beogh.
  2121 | D:4      | Noticed Sigmund
  2127 | D:4      | Killed Sigmund
  2127 | D:4      | Reached skill level 5 in Dodging
  2189 | D:4      | Noticed Eustachio
  2202 | D:4      | Killed Eustachio
  2202 | D:4      | Reached XP level 7. HP: 29/51 MP: 9/15
  2354 | D:4      | Learned a level 4 spell: Force Lance
  2658 | D:5      | Entered Level 5 of the Dungeon
  2910 | D:5      | Reached skill level 5 in Stealth
  2967 | D:5      | Reached XP level 8. HP: 57/57 MP: 2/16
  3685 | D:5      | Identified the +1 robe of Atheism {MR+}
  3789 | D:5      | Found a staircase to the Ecumenical Temple.
  3849 | Temple   | Entered the Ecumenical Temple
  3946 | Temple   | Became a worshipper of Sif Muna the Loreminder
  4284 | D:6      | Found a sacrificial altar of Ru.
  4366 | D:6      | Found a glowing drain.
  4407 | Sewer    | Entered a sewer
  4516 | Sewer    | Found a white marble altar of Elyvilon.
  4791 | D:6      | Reached XP level 9. HP: 62/65 MP: 14/18
  5204 | D:7      | Found a basalt altar of Yredelemnul.
  5587 | D:7      | Reached * piety under Sif Muna
  5669 | D:7      | Found a hazy altar of Hepliaklqana.
  5671 | D:7      | Found a snail-covered altar of Cheibriados.
  5795 | D:7      | Found a shimmering altar of Xom.
  6099 | D:7      | Reached skill level 8 in Conjurations
  6351 | D:7      | Found a blossoming altar of Fedhas.
  6482 | D:8      | Reached skill level 5 in Invocations
  6526 | D:8      | Noticed a two-headed ogre
  6615 | D:7      | Found a radiant altar of Vehumet.
  6615 | D:7      | Found a white marble altar of Elyvilon.
  6671 | D:8      | Reached XP level 10. HP: 25/73 MP: 9/20
  6816 | D:8      | Mangled by a two-headed ogre

Levels and vault maps discovered:
D:1:      evilmike_arrival_run_for_it, layout_rooms
D:2:      kennysheep_six_static_rooms, layout_basic
D:3:      layout_basic, uniq_purgy
D:4:      layout_loops_ring, biasface_ghost_orc_armoury, uniq_sigmund,
          uniq_eustachio
D:5:      old_forge, layout_basic, temple_hall, first_ration,
          corexii_corridor_pit, minivault_27
D:6:      layout_basic, gup_sewer_entry_pipe, nicolae_ru_sacrificial_ziggurat
D:7:      layout_cave_pods, kb_xom_exploding_sheep,
          nicolae_overflow_hidden_temple, basic_altar, grunt_livestock
D:8:      layout_loops_ring, amethyst_killhole
Temple:   lightli_temple_of_artemis

Skill      XL: |  1  2  3  4  5  6  7  8  9 10 |
---------------+-------------------------------+-----
Spellcasting   | 5 6 7 |  7.0
Invocations    | 1 2 3 4 5 |  5.2
Fighting       | 1 2 3 4 |  4.7
Short Blades   | 1 2 3 4 |  4.7
Long Blades    | 1 2 3 4 |  4.7
Axes           | 1 2 3 4 |  4.7
Maces & Flails | 1 2 3 4 |  4.7
Polearms       | 1 2 3 4 |  4.7
Staves         | 1 2 3 4 |  4.7
Slings         | 1 2 3 4 |  4.7
Bows           | 1 2 3 4 |  4.7
Crossbows      | 1 2 3 4 |  4.7
Throwing       | 1 2 3 4 |  4.7
Armour         | 1 2 3 4 |  4.7
Shields        | 1 2 3 4 |  4.7
Unarmed Combat | 1 2 3 4 |  4.7
Evocations     | 1 2 3 4 |  4.7
Hexes          | 1 2 3 |  3.9
Charms         | 1 2 3 |  3.9
Summonings     | 1 2 3 |  3.9
Necromancy     | 1 2 3 |  3.9
Translocations | 1 2 3 |  3.9
Transmutations | 1 2 3 |  3.9
Fire Magic     | 1 2 3 |  3.9
Ice Magic      | 1 2 3 |  3.9
Air Magic      | 1 2 3 |  3.9
Earth Magic    | 1 2 3 |  3.9
Poison Magic   | 1 2 3 |  3.9
Dodging        | 5 6 |  6.7
Stealth        | 5 6 |  6.4
Conjurations   | 8 |  8.2

Action                   |  1- 3 |  4- 6 |  7- 9 | 10-12 || total
-------------------------+-------+-------+-------+-------++-------
Melee: Dagger            |    28 |       |       |       ||    28
       Short sword       |     3 |    35 |   261 |     6 ||   305
       Bite              |     1 |     4 |    27 |     3 ||    35
       Hand axe          |       |       |       |    10 ||    10
Throw: Stone             |       |     5 |       |       ||     5
       Dart              |       |       |    12 |       ||    12
       Boomerang         |       |       |     4 |       ||     4
 Cast: Magic Dart        |    57 |    60 |    82 |     9 ||   208
       Searing Ray       |       |     3 |     6 |     1 ||    10
       Iskenderun's Myst |       |     1 |    15 |       ||    16
       Dazzling Spray    |       |     1 |     6 |       ||     7
Evoke: Wand              |       |       |     1 |       ||     1
  Use: Scroll            |       |       |     9 |     1 ||    10
 Stab: Sleeping          |     1 |     4 |    10 |       ||    15
  Eat: Chunk             |       |     4 |    16 |     1 ||    21
Armor: Robe              |    20 |     6 |     6 |     1 ||    33
Dodge: Dodged            |    40 |    29 |   156 |    12 ||   237
Block: Buckler           |       |     2 |    60 |     2 ||    64
